 Dungeon Crawl Stone Soup version 0.19.4-8-ga85b6b9 (webtiles) character file.

84 graki42 the Firebug (level 4, 27/27 HPs)
             Began as a High Elf Fire Elementalist on Feb 15, 2017.
             Quit the game on level 2 of the Dungeon.
             The game lasted 00:04:12 (1232 turns).

graki42 the Firebug (High Elf Fire Elementalist)    Turns: 1232, Time: 00:04:12

Health: 27/27      AC:  2    Str: 10    XL:     4   Next: 23%
Magic:  6/9        EV: 13    Int: 18    God:
Gold:   66         SH:  0    Dex: 16    Spells: 1 memorised, 8 levels left

rFire  . . .     SeeInvis .     e - +0 short sword
rCold  . . .     Gourm    .     a - +0 robe
rNeg   . . .     Faith    .     (no shield)
rPois  .         Spirit   .     (no helmet)
rElec  .         Reflect  .     (no cloak)
rCorr  .         Harm     +     (no gloves)
MR     .....                    (no boots)
Stlth  ++........               o - amulet of harm
                                (no ring)
                                h - +2 ring of strength

@: no status effects
A: no striking features
a: no special abilities


You were on level 2 of the Dungeon.
You were not hungry.

You visited 1 branch of the dungeon, and saw 2 of its levels.

You collected 66 gold pieces.

Inventory:

Hand Weapons
 e - a +0 short sword (weapon)
Missiles
 f - 7 stones (quivered)
Armour
 a - a +0 robe (worn)
Jewellery
 h - a +2 ring of strength (left hand)
 o - an amulet of harm (around neck)
Scrolls
 i - a scroll of blinking {unknown}
 j - a scroll of fear {unknown}
 l - 2 scrolls of identify {unknown}
 m - a scroll of remove curse {unknown}
 p - a scroll of noise {unknown}
Potions
 g - a potion of haste {unknown}
 k - 2 potions of degeneration {unknown}
 n - 3 potions of agility {unknown}
 r - a potion of might {unknown}
Books
 b - a book of Flames

   Spells                             Type                      Level
   a - Flame Tongue                   Conjuration/Fire             1
   b - Throw Flame                    Conjuration/Fire             2
   c - Conjure Flame                  Conjuration/Fire             3
   d - Inner Flame                    Hexes/Fire                   3
   e - Sticky Flame                   Conjuration/Fire             4
   f - Fireball                       Conjuration/Fire             5
Comestibles
 c - 5 bread rations
 d - a slice of pizza
 q - 4 fruits


   Skills:
 + Level 0.2 Fighting
 + Level 0.5 Short Blades
 + Level 2.4 Dodging
 + Level 3.2 Stealth
 + Level 3.1 Spellcasting
 + Level 1.9 Conjurations
 + Level 3.7 Fire Magic


You had 8 spell levels left.
You knew the following spells:

 Your Spells              Type           Power        Failure   Level  Hunger
a - Flame Tongue          Conj/Fire      ##...        6%          1    None


Dungeon Overview and Level Annotations

Branches:
Dungeon (2/15)

Altars:
Ashenzari


Message History

Aim: an adder The flame tongue hits the adder.
The adder is lightly wounded.
The adder barely misses you.
Casting: Flame Tongue
Confirm with . or Enter, or press ? or * to list all spells.
Aiming: Flame Tongue
Press: ? - help, Shift-Dir - straight line, f/p - adder
Aim: an adder (lightly wounded)
The flame tongue hits the adder.
The adder is moderately wounded.
The adder misses you.
Casting: Flame Tongue
Confirm with . or Enter, or press ? or * to list all spells.
Aiming: Flame Tongue
Press: ? - help, Shift-Dir - straight line, f/p - adder
Aim: an adder (moderately wounded)
The flame tongue hits the adder.
You kill the adder!
Are you sure you want to abandon this character and quit the game? (Confirm with "yes".)

#.# ## #.####. ##
#.##... .$ #...... ###.
#########...... .###...
........#.....# .......
..............#
###...#########...#...#
.§§...@................
#§§.####...#######+#†..
§§ #...# #...... #.?.#
#....#. .....#
###....## .......#
##........ ........##
.......... .......##
......#... .......#
......#...


There were no monsters in sight!

Vanquished Creatures
  Terence (D:2)
  3 adders (D:2)
  5 bats
  3 goblins
  6 hobgoblins
  4 jackals (D:1)
  4 kobolds
  A ball python (D:2)
  3 frilled lizards
  3 rats
33 creatures vanquished.

Notes
Turn   | Place    | Note
-------+----------+-------------------------------------------
     0 | D:1      | graki42 the High Elf Fire Elementalist began the quest for the Orb.
     0 | D:1      | Reached XP level 1. HP: 11/11 MP: 4/4
     2 | D:1      | Noticed a human
     2 | D:1      | Noticed a merfolk
     4 | D:1      | Noticed a naga
     6 | D:1      | Noticed a centaur
     8 | D:1      | Noticed a formicid
     8 | D:1      | Noticed a troll
    11 | D:1      | Noticed a vine stalker
    11 | D:1      | Noticed a dwarf
    13 | D:1      | Noticed a minotaur
    13 | D:1      | Noticed a ghoul
    15 | D:1      | Noticed a tengu
    15 | D:1      | Noticed a vampire
    17 | D:1      | Noticed a halfling
    17 | D:1      | Noticed an ogre
    19 | D:1      | Noticed a spriggan
    21 | D:1      | Noticed a felid
    21 | D:1      | Noticed a demigod
    23 | D:1      | Noticed a demonspawn
    23 | D:1      | Noticed an elf
    25 | D:1      | Noticed a gargoyle
    25 | D:1      | Noticed an octopode
    27 | D:1      | Noticed a draconian
   449 | D:1      | Reached XP level 2. HP: 17/17 MP: 2/6
   842 | D:2      | Reached XP level 3. HP: 21/21 MP: 2/8
   945 | D:2      | Noticed Terence
   949 | D:2      | Killed Terence
  1066 | D:2      | Reached XP level 4. HP: 23/27 MP: 3/9
  1167 | D:2      | Found a shattered altar of Ashenzari.
  1232 | D:2      | Quit the game

Skill      XL: |  1  2  3 |
---------------+----------+-----
Stealth        | 3 |  3.2
Spellcasting   | 3 |  3.1
Fighting       | |  0.2
Short Blades   | |  0.5
Dodging        | |  2.4
Conjurations   | |  1.9
Fire Magic     | |  3.7

Action                   |  1- 3 |  4- 6 || total
-------------------------+-------+-------++-------
Melee: Short sword       |    16 |       ||    16
 Cast: Flame Tongue      |    51 |     9 ||    60
  Eat: Chunk             |       |     1 ||     1
Armor: Robe              |     8 |     1 ||     9
Dodge: Dodged            |    29 |     2 ||    31
